 Dungeon Crawl Stone Soup version 0.23-a0-607-g760965b (webtiles) character file.

4449 MalarOregon the Transmogrifier (level 10, 0/80 HPs)
             Began as a Merfolk Transmuter on Dec 20, 2018.
             Was a Believer of Nemelex Xobeh.
             Slain by a six-headed hydra (12 damage)
             ... on level 1 of the Lair of Beasts.
             The game lasted 00:28:51 (10620 turns).

MalarOregon the Transmogrifier (MfTm)              Turns: 10620, Time: 00:28:52

Health: 0/80       AC:  5    Str: 13    XL:     10   Next: 37%
Magic:  23/23      EV: 13    Int: 12    God:    Nemelex Xobeh [**....]
Gold:   104        SH:  2    Dex: 16    Spells: 5/15 levels left

rFire    + . .     SeeInvis .   v - +2 spear (flame)
rCold    . . .     Gourm    .   (no shield)
rNeg     . . .     Faith    .   b - +0 robe
rPois    .         Spirit   .   l - +0 helmet
rElec    .         Reflect  +   (no cloak)
rCorr    .         Harm     .   d - +0 pair of gloves
MR       .....                  K - +0 pair of boots
Stlth    +.........             E - +2 amulet of reflection
HPRegen  0.23/turn              i - ring of protection from fire
MPRegen  0.18/turn              o - ring of magical power

@: no status effects
A: change form in water, swift swim, stealthy swim
a: Draw Escape, Draw Destruction, Draw Summoning, Renounce Religion


You were on level 1 of the Lair of Beasts.
You worshipped Nemelex Xobeh.
Nemelex Xobeh was pleased with you.
You were not hungry.

You visited 3 branches of the dungeon, and saw 10 of its levels.
You also visited: Sewer and Ossuary.

You collected 531 gold pieces.
You spent 427 gold pieces at shops.

Inventory:

Hand Weapons
 n - a +0 halberd
   (You found it on level 5 of the Dungeon)
 v - a +2 spear of flaming (weapon)
   (You found it on level 5 of the Dungeon)
Missiles
 a - 178 arrows
 s - 5 tomahawks of returning (quivered)
Armour
 b - a +0 robe (worn)
 d - a +0 pair of gloves (worn)
   (You found it on level 2 of the Dungeon)
 l - a +0 helmet (worn)
   (You found it on level 3 of the Dungeon)
 K - a +0 pair of boots (worn)
   (You found it on level 4 of the Dungeon)
Jewellery
 i - a ring of protection from fire (left hand)
   (You found it on level 5 of the Dungeon)
 k - an uncursed ring of positive energy
   (You found it on level 2 of the Dungeon)
 o - a ring of magical power (right hand)
   (You found it on level 3 of the Dungeon)
 E - a +2 amulet of reflection (around neck)
   (You found it on level 6 of the Dungeon)
Wands
 c - a wand of disintegration (12)
   (You found it on level 3 of the Dungeon)
 t - a wand of flame (30)
   (You bought it in a shop on level 6 of the Dungeon)
 u - a wand of paralysis (9)
   (You found it on level 8 of the Dungeon)
 x - a wand of acid (3)
   (You found it on level 6 of the Dungeon)
Scrolls
 j - a scroll of immolation {!r}
 q - a scroll of teleportation {@r4}
 A - 2 scrolls of identify {@r1}
 B - a scroll of remove curse {@r2}
 G - a scroll of fog
Potions
 f - 5 potions of curing {@q1}
 g - 2 potions of might
 m - a potion of flight {unknown}
 w - 2 potions of cancellation
 z - a potion of degeneration {!q}
 C - 2 potions of resistance
 H - 2 potions of brilliance
 I - 3 potions of magic
Comestibles
 e - 21 rations {!d}
 h - 5 chunks of flesh


   Skills:
 + Level 8.1 Fighting
 + Level 8.1 Polearms
 - Level 3.0 Dodging
 + Level 8.7 Unarmed Combat
 - Level 3.0 Spellcasting
 - Level 10.0 Transmutations
 + Level 4.2 Invocations


You had 5 spell levels left.
You knew the following spells:

 Your Spells              Type           Power        Failure   Level  Hunger
a - Beastly Appendage     Tmut           ####..       1%          1    #......
c - Ice Form              Ice/Tmut       ##......     30%         4    #####..
s - Sticks to Snakes      Tmut           ####....     1%          2    ###....
x - Spider Form           Tmut/Pois      ##........   10%         3    ###....

Your spell library contained the following spells:

 Spells                   Type           Power        Failure   Level  Hunger
 Blade Hands              Tmut           ####......   11%         5    ######.


Dungeon Overview and Level Annotations

Branches:
Dungeon (8/15)             Temple (1/1) D:4            Lair (1/6) D:8

Altars:
Ashenzari
Cheibriados
Dithmenos
Elyvilon
Fedhas
Gozag
Hepliaklqana
Kikubaaqudgha
Makhleb
Nemelex Xobeh
Okawaru
Qazlal
Ru
Sif Muna
Trog
Uskayaw
Vehumet
Wu Jian
Xom
Yredelemnul
Zin
The Shining One

Shops:
D:4 :   D:6 *

Annotations:
Lair:1 exclusion: rime drake


Message History

Your +0 helmet unmelds from your body.
Your +0 pair of gloves unmelds from your body.
Your +0 pair of boots unmelds from your body.
Your +0 robe unmelds from your body.
Your +2 spear of flaming bursts into flame!
There is an open door here.
A six-headed hydra comes into view.
Found a stone staircase leading down.
Unknown command.
The six-headed hydra roars!
A yak comes into view.
The yak bellows!
You hit the six-headed hydra but do no damage.
The six-headed hydra bites you. The six-headed hydra bites you! x4
* * * LOW HITPOINT WARNING * * *
The six-headed hydra bites you.
* * * LOW HITPOINT WARNING * * *
There is an open door here.
There is an open door here.
Aim: a six-headed hydra The bolt of acid hits the six-headed hydra.
The six-headed hydra is splashed with acid.
The acid corrodes the six-headed hydra!
The bolt of acid hits the yak.
The yak is splashed with acid.
The acid corrodes the yak!
Aim: a six-headed hydra (lightly wounded, covered in acid, chance to defeat MR:
Okay, then.
Aim: a six-headed hydra (lightly wounded, covered in acid)
The bolt of acid misses the six-headed hydra.
The bolt of acid hits the yak.
The yak is splashed with acid.
The acid corrodes the yak!
The six-headed hydra bites you.
* * * LOW HITPOINT WARNING * * *
The six-headed hydra bites you but does no damage.
The six-headed hydra bites you.
* * * LOW HITPOINT WARNING * * *
The six-headed hydra misses you. The six-headed hydra barely misses you.
The six-headed hydra bites you!
* * * LOW HITPOINT WARNING * * *
Aim: a six-headed hydra (lightly wounded, covered in acid)
The bolt of acid hits the six-headed hydra.
The six-headed hydra is splashed with acid.
The acid corrodes the six-headed hydra!
The bolt of acid hits the yak.
The yak is splashed with acid.
The acid corrodes the yak!
You kill the yak!
Training target 10.0 for Transmutations reached!
Your Transmutations skill increases to level 10!
The six-headed hydra bites you!
* * * LOW HITPOINT WARNING * * *
The six-headed hydra bites you!
You die...
Your body glows slightly and disappears.

#kY.. ... ..t #'# #+# #.# ##.#
#.## #..# ##..# ## ##.# ###.'####
# #.## ##.### #.......####
..<######....#########.......##P#
....#.#.........@D†..'.......'...
...+......#P##P.##...#..÷.|..###.
...#.####.############........###
...### #..# #.......## ...# #..##
#.......## ##.# ##. #........#
### #. ###'###### #. #...# #.
###.#


You could see a six-headed hydra.

Vanquished Creatures
  A kobold demonologist (D:5)
  2 komodo dragons (Lair:1)
  The ghost of Inarius the Chopper, an amateur DsCK of Xom (D:4)
  A human (D:7)
  4 hogs (D:7)
  A yak (Lair:1)
  Menkaure (Ossuary)
  A black bear (D:8)
  2 phantoms
  3 sky beasts (D:5)
  An ice beast (D:8)
  2 ogres
  3 centaurs
  4 bullfrogs
  2 scorpions
  A howler monkey (D:6)
  A bullfrog zombie (D:6)
  3 crimson imps
  A centaur zombie (Ossuary)
  An orc priest (D:4)
  2 hounds
  2 jellies
  A bullfrog skeleton (D:5)
  3 iron imps (D:7)
  An iguana (D:6)
  2 orc wizards
  A worker ant (D:6)
  4 ogre zombies (Ossuary)
  2 hound skeletons (D:4)
  6 mummies (Ossuary)
  4 gnolls
  A howler monkey skeleton (D:4)
  12 adders
  A river rat (D:5)
  2 shadow imps
  11 oozes
  2 adder skeletons
  6 adder zombies (Ossuary)
  A worm (D:5)
  A dart slug (D:1)
  12 leopard geckos
  17 orcs
  12 giant cockroaches
  2 gnoll zombies (Ossuary)
  7 goblins
  6 hobgoblins
  11 jackals
  2 kobolds
  5 quokkas
  12 ball pythons
  7 bats
  15 frilled lizards
  2 goblin zombies (Ossuary)
  4 hobgoblin zombies (Ossuary)
  2 kobold zombies (Ossuary)
  A leopard gecko zombie (D:5)
  A quokka skeleton (D:5)
  6 quokka zombies (Ossuary)
  4 rats
  3 rat zombies (Ossuary)
232 creatures vanquished.

Vanquished Creatures (collateral kills)
  A goblin (D:1)
  A jackal (D:1)
  A kobold (D:1)
  A rat (D:1)
4 creatures vanquished.

Grand Total: 236 creatures vanquished

Notes
Turn   | Place    | Note
-------+----------+-------------------------------------------
     0 | D:1      | MalarOregon the Merfolk Transmuter began the quest for the
                  | Orb.
     0 | D:1      | Reached XP level 1. HP: 15/15 MP: 3/3
    76 | D:1      | Reached XP level 2. HP: 12/21 MP: 3/5
   219 | D:1      | Learned a level 2 spell: Sticks to Snakes
   276 | D:1      | Reached skill level 3 in Transmutations
   531 | D:1      | HP: 1/22 [leopard gecko (4)]
   534 | D:1      | Reached XP level 3. HP: 1/27 MP: 0/6
  1607 | D:2      | Found a bloodstained altar of Trog.
  1640 | D:2      | Found a shattered altar of Ashenzari.
  1690 | D:2      | Found a glowing golden altar of the Shining One.
  1913 | D:2      | Reached XP level 4. HP: 28/33 MP: 4/7
  2191 | D:3      | Learned a level 3 spell: Spider Form
  2342 | D:3      | Reached XP level 5. HP: 30/39 MP: 2/9
  2418 | D:3      | Reached skill level 4 in Transmutations
  3123 | D:4      | Learned a level 4 spell: Ice Form
  3134 | D:4      | Found a staircase to the Ecumenical Temple.
  3287 | D:4      | Found a runed gate.
  3287 | D:4      | Found a runed gate.
  3288 | D:4      | Found a runed gate.
  3290 | D:4      | Noticed Inarius's ghost (amateur DsCK)
  3416 | D:4      | Reached XP level 6. HP: 40/47 MP: 5/10
  3495 | D:4      | Found a deep blue altar of Sif Muna.
  3531 | Temple   | Entered the Ecumenical Temple
  3803 | D:4      | Noticed a phantom
  3823 | D:4      | Killed a phantom
  3823 | D:4      | Reached skill level 5 in Unarmed Combat
  3823 | D:4      | Reached skill level 5 in Transmutations
  4145 | D:4      | Found Muhuaf's Book Shoppe.
  4316 | D:4      | Killed Inarius's ghost
  4316 | D:4      | Reached skill level 6 in Transmutations
  4316 | D:4      | Reached XP level 7. HP: 38/55 MP: 9/11
  4473 | D:5      | Entered Level 5 of the Dungeon
  4779 | D:5      | Reached skill level 5 in Fighting
  4779 | D:5      | Reached skill level 1 in Polearms
  4779 | D:5      | Reached XP level 8. HP: 62/62 MP: 1/12
  4950 | D:5      | Reached skill level 7 in Transmutations
  5123 | D:5      | Found a glowing drain.
  5140 | Sewer    | Entered a sewer
  5639 | D:5      | Noticed a kobold demonologist
  5648 | D:5      | Killed a kobold demonologist
  5648 | D:5      | Reached skill level 8 in Transmutations
  5662 | D:5      | Reached XP level 9. HP: 57/70 MP: 11/13
  5724 | D:6      | Reached skill level 5 in Polearms
  5906 | D:6      | Found a stormy altar of Qazlal.
  6401 | D:6      | Found Ugalat's Assorted Antiques.
  6409 | D:6      | Bought a glass wand for 84 gold pieces
  6409 | D:6      | Bought a scroll labeled HOYHUA ONWEAL for 21 gold pieces
  6409 | D:6      | Bought a glowing yellow potion for 18 gold pieces
  6409 | D:6      | Bought a pair of transparent boots for 199 gold pieces
  6409 | D:6      | Bought a potion of heal wounds for 105 gold pieces
  6419 | D:6      | Identified the cursed -6 pair of boots "Soagatt" {rN+
                  | Dex+3} (You bought it in a shop on level 6 of the Dungeon)
  6744 | D:6      | Found a sparkling altar of Nemelex Xobeh.
  6765 | D:6      | Found an opulent altar of Gozag.
  6794 | D:6      | Became a worshipper of Nemelex Xobeh the Trickster
  6804 | D:6      | Received a gift from Nemelex Xobeh
  6954 | D:7      | Reached skill level 1 in Invocations
  6992 | D:7      | Found a burning altar of Makhleb.
  7095 | D:7      | Received a gift from Nemelex Xobeh
  7282 | D:7      | Found a shadowy altar of Dithmenos.
  7394 | D:7      | Found a sand-covered staircase.
  7402 | Ossuary  | Entered an ossuary
  7424 | Ossuary  | Reached * piety under Nemelex Xobeh
  7875 | Ossuary  | Reached skill level 9 in Transmutations
  8428 | Ossuary  | Noticed Menkaure
  8454 | Ossuary  | HP: 1/72 [Menkaure/nerve-wracking pain (7)]
  8459 | Ossuary  | Killed Menkaure
  8784 | D:7      | HP: 2/72 [hog (12)]
  8799 | D:7      | Reached XP level 10. HP: 75/80 MP: 14/14
  9163 | D:8      | Found a staircase to the Lair.
  9902 | D:8      | Found a basalt altar of Yredelemnul.
  9912 | D:8      | Found a snail-covered altar of Cheibriados.
  9929 | D:8      | Found a radiant altar of Vehumet.
  9931 | D:8      | Reached ** piety under Nemelex Xobeh
 10217 | Lair:1   | Entered Level 1 of the Lair of Beasts
 10593 | Lair:1   | Noticed a six-headed hydra
 10620 | Lair:1   | Reached skill level 10 in Transmutations
 10620 | Lair:1   | Slain by a six-headed hydra

Vault maps used:
D:1:      ncdulo_halloftheorcs, corexii_leaking_fountain
D:2:      lemuel_crystal_altar, nicolae_overflow_hidden_temple,
          nicolae_overflow_crystal_walls
D:3:      first_ration
D:4:      kennysheep_mini_moat, temple_pool_b, ebering_ghost_rock_garden,
          serial_shops, shop
D:5:      cheibrodos_barr_body, gup_sewer_entry_bubbles
D:6:      lemuel_crystal_altar, lemuel_coloured_pillars_altar, serial_shops,
          shop, nicolae_qazlal_general_emergency
D:7:      demons_altar, lemuel_doored_altar, nicolae_ossuary_entry_ruins,
          grunt_livestock
D:8:      minmay_overflow_temple_star_quad, lair_entry_dummy, st_stairs_12,
          minmay_misc_feat_rows
Temple:   minmay_temple_curvy_loop
Sewer:    sewer_frog_island_02
Ossuary:  ossuary_boxes_badplayer

Skill      XL: |  1  2  3  4  5  6  7  8  9 10 |
---------------+-------------------------------+-----
Dodging        | 3 |  3.0
Transmutations | 3 4 6 8 9 10 | 10.0
Fighting       | 2 3 4 5 6 7 8 |  8.1
Unarmed Combat | 4 5 6 7 8 |  8.7
Spellcasting   | 3 |  3.0
Polearms       | 1 4 7 8 |  8.1
Invocations    | 3 4 |  4.2

Action                   |  1- 3 |  4- 6 |  7- 9 | 10-12 || total
-------------------------+-------+-------+-------+-------++-------
Melee: Unarmed           |   118 |   174 |   486 |    18 ||   796
       Headbutt          |     8 |     3 |       |       ||    11
       Punch             |       |     1 |    11 |     2 ||    14
       Tailslap          |       |       |     3 |       ||     3
       Spear             |       |       |    12 |    71 ||    83
 Cast: Beastly Appendage |    22 |     3 |       |       ||    25
       Sticks to Snakes  |     3 |       |     6 |       ||     9
       Spider Form       |       |    24 |    37 |     3 ||    64
Evoke: Wand              |       |       |       |     3 ||     3
  Use: Potion            |     1 |     2 |     8 |       ||    11
       Scroll            |     4 |     3 |    16 |     4 ||    27
 Stab: Sleeping          |       |     1 |     1 |       ||     2
  Eat: Chunk             |     4 |    11 |    12 |     2 ||    29
       Ration            |       |       |     2 |     2 ||     4
Armor: Robe              |    34 |    18 |    22 |    15 ||    89
       Skin              |       |    11 |    31 |     4 ||    46
Dodge: Dodged            |   107 |   129 |   350 |    36 ||   622
Block: Other             |       |       |     2 |     1 ||     3

Table legend:
 A = Non-vault XP
 B = Vault XP
 C = Vault XP percentage of total XP
 D = Non-vault monster count
 E = Vault monster count
 F = Vault count percentage of total count
                 A         B        C        D         E       F
            +---------+---------+-------+---------+---------+-------
      Total |    3661 |    2695 |  42.4 |     129 |     107 |  45.3
            +---------+---------+-------+---------+---------+-------
        D:1 |      51 |       0 |   0.0 |      24 |       0 |   0.0
        D:2 |      33 |       0 |   0.0 |      13 |       0 |   0.0
        D:3 |     162 |       0 |   0.0 |      28 |       0 |   0.0
        D:4 |     309 |     319 |  50.8 |      17 |       1 |   5.6
        D:5 |     715 |     523 |  42.2 |      14 |      15 |  51.7
        D:6 |     419 |       0 |   0.0 |      13 |       0 |   0.0
        D:7 |     660 |    1115 |  62.8 |      11 |       8 |  42.1
        D:8 |     448 |      11 |   2.4 |       6 |       1 |  14.3
     Lair:1 |     864 |       0 |   0.0 |       3 |       0 |   0.0
      Sewer |       0 |     258 | 100.0 |       0 |      45 | 100.0
    Ossuary |       0 |     469 | 100.0 |       0 |      37 | 100.0
            +---------+---------+-------+---------+---------+-------
